AoeStats
← Strongtor

Arabia

509461548Analyzed
2v2 RM · 4d ago on Sep 26, 2026· 33m 30s· 4 players
Game mode
Random Map
Map size
Medium (4 player)
Population
200
Speed
Normal
Resources
Standard
Victory
Conquest
Starting age
Dark Age
Ending age
Imperial Age
RankedLock teamsTeams togetherTeam positionsShared explorationLock speedFull tech treeHidden civsTurbo modeCheats
Victory
Defeat
🇹🇷 Maya · Türkiye
975
+16
🇹🇷 Huns · Türkiye
965
+16
🇪🇸 Dravidians · Spain
990
-17
🇨🇿 Celts · Czechia
957
-15
Strongtor
19:53 Loom
CoffeeRhyme7095
10:11 Feudal Age
8:26 Loom
13:57 Double-Bit Axe
16:36 Castle Age
14:19 Horse Collar
15:59 Fletching
17:04 Crossbowman
18:52 Gold Mining
18:58 Town Watch
20:24 Padded Archer Armor
20:23 Bodkin Arrow
21:55 Bow Saw
23:38 Heavy Plow
25:17 Padded Archer Armor
26:54 Leather Archer Armor
27:21 Ballistics
29:04 Wheelbarrow
29:06 Thumb Ring
31:36 Hand Cart
32:46 Stone Mining
blackout
0:27 Loom
10:09 Feudal Age
11:37 Double-Bit Axe
12:59 Fletching
13:48 Padded Archer Armor
14:59 Horse Collar
21:43 Castle Age
22:54 Wheelbarrow
22:31 Heavy Plow
22:44 Bow Saw
23:06 Bodkin Arrow
23:54 Crossbowman
24:59 Eagle Warrior
25:40 Squires
26:57 Forging
26:47 Scale Mail Armor
27:23 Hand Cart
27:01 Arson
28:01 Gold Mining
28:24 Thumb Ring
30:35 Leather Archer Armor
31:18 Iron Casting
30:58 Chain Mail Armor
31:31 Town Watch
33:23 Ballistics
36:05 Imperial Age
mustajjj
6:43 Loom
10:09 Feudal Age
12:01 Horse Collar
12:07 Double-Bit Axe
11:52 Man-at-Arms
12:33 Town Watch
14:03 Arson
19:08 Gold Mining
21:53 Castle Age
20:52 Wheelbarrow
20:58 Forging
20:53 Scale Barding Armor
21:09 Scale Barding Armor
21:28 Bloodlines
23:55 Iron Casting
23:40 Chain Barding Armor
25:58 Hand Cart
29:56 Gold Shaft Mining
29:52 Heavy Plow
30:07 Bow Saw
30:45 Fervor
35:05 Imperial Age
32:21 Town Watch
Connection lost

Rejoining the realm…

Still unreachable

The connection could not be restored.

Session expired

The server has moved on; the page needs a fresh start.